 Dungeon Crawl Stone Soup version bcrawl-1.37.2 (webtiles) character file.

Game seed: 5563972400288377285

8375250 Mehrunes the Eclecticist (level 19, -22/159 HPs)
             Began as a Mummy Fire Elementalist on Nov 7, 2022.
             Was the Champion of Ashenzari.
             Shot with an arrow by a deep elf master archer (35 damage)
             ... on level 2 of the Elven Halls.
             The game lasted 01:49:49 (48093 turns).

Mehrunes the Eclecticist (Mummy Fire Elementalist) Turns: 48093, Time: 01:49:49

Health: -22/159    AC: 26    Str: 27    XL:     19   Next: 73%
Magic:  28/40      EV: 20    Int: 24    God:    Ashenzari [******]
Gold:   2557       SH: 10    Dex: 21    Spells: 23/52 levels left

rFire    + . .     GDR:     41% r - +9 trident of the Hierophant {pierce, rElec Str+9 Dex-2 Stlth+} (curse)
rCold    + + .     SeeInvis +   F - +0 buckler (curse)
rNeg     + + +     Gourm    .   K - +7 plate armour of Toskithi {MR++} (curse)
rPois    ∞         Faith    .   o - +0 helmet (curse)
rElec    +         Spirit   .   N - -1 cloak "Potegg" {+Blink rF+ Str+2 Dex+9} (curse)
rCorr    .         Reflect  .   f - +1 pair of gloves "Ycahusi" {Str+4 Dex+2 Stlth+} (curse)
MR       ++++.     Clarity  +   C - +0 pair of boots (curse)
Stlth    +.........             w - amulet of the acrobat (curse)
HPRegen  0.36/turn              a - ring of fire (curse)
MPRegen  0.27/turn              t - ring "Wyx Suma" {rElec rC++ Int+2} (curse)

@: corroded
A: no food or potions, fire vulnerability, clarity, cold resistance 1, negative
energy resistance 3, torment resistance, unbreathing, strong hexes 1
}: 2/15 runes: decaying, serpentine
a: Curse Item, Scrying, Transfer Knowledge, Renounce Religion, Evoke Blink


You were on level 2 of the Elven Halls.
You worshipped Ashenzari.
Ashenzari was exalted by your worship.
You were not hungry.

You visited 8 branches of the dungeon, and saw 31 of its levels.

You collected 4104 gold pieces.
You spent 1547 gold pieces at shops.

Inventory:

Hand Weapons
 r - the cursed +9 trident of the Hierophant (weapon) {pierce, rElec Str+9 Dex-2 Stlth+}
   (You found it on level 4 of the Dungeon)

   It will always inflict at least some extra damage.
   This minimum extra damage increases with your current reserve of magical
   power.
   It affects your strength (+9).
   It affects your dexterity (-2).
   It insulates you from electricity.
   It makes you more stealthy.
   It has a curse placed upon it.
 L - the +9 sword of Zonguldrok {reap}
   (You found it on level 3 of the Snake Pit)

   If a monster killed with it leaves a corpse in good enough shape, the corpse
   will be animated as a zombie friendly to the killer.
 R - the cursed +3 mace "Comux" {pain, rElec SInv}
   (You found it on level 3 of the Elven Halls)

   In the hands of one skilled in necromantic magic, it inflicts extra damage on
   living creatures.
   It insulates you from electricity.
   It lets you see invisible.
   It has a curse placed upon it.
Armour
 f - the cursed +1 pair of gloves "Ycahusi" (worn) {Str+4 Dex+2 Stlth+}
   (You found it on level 2 of the Swamp)

   It affects your strength (+4).
   It affects your dexterity (+2).
   It makes you more stealthy.
   It has a curse placed upon it.
 i - +0 swamp dragon scales
 o - a cursed +0 helmet (worn)
 C - a cursed +0 pair of boots (worn)
 F - a cursed +0 buckler (worn)
 K - the cursed +7 plate armour of Toskithi (worn) {MR++}
   (You bought it in a shop in the Orcish Mines)

   It affects your resistance to hostile enchantments.
   It has a curse placed upon it.
 N - the cursed -1 cloak "Potegg" (worn) {+Blink rF+ Str+2 Dex+9}
   (You acquired it on level 3 of the Snake Pit)

   It affects your strength (+2).
   It affects your dexterity (+9).
   It protects you from fire.
   It lets you blink.
   It has a curse placed upon it.
Magical Staves
 I - an uncursed staff of fire
Jewellery
 a - a cursed ring of fire (left hand)
 d - an uncursed amulet of guardian spirit
 k - an uncursed ring of magical power
 t - the cursed ring "Wyx Suma" (right hand) {rElec rC++ Int+2}
   (You acquired it in the Orcish Mines)

   [ring of insulation]

   It affects your intelligence (+2).
   It greatly protects you from cold.
   It insulates you from electricity.
   It has a curse placed upon it.
 v - the ring "Qotuurphi" {Ice rN+ Int-3 Dex+2}
   (You took it off Fannar on level 12 of the Dungeon)

   [ring of ice]

   It enhances your ice magic.
   It affects your intelligence (-3).
   It affects your dexterity (+2).
   It makes you vulnerable to fire.
   It protects you from cold.
   It protects you from negative energy.
 w - a cursed amulet of the acrobat (around neck)
 x - the cursed amulet of Vision {SInv *Curse}
   (You found it in the Ecumenical Temple)

   [amulet of nothing]

   It lets you see invisible.
   It curses itself when equipped.
   It has a curse placed upon it.
 y - a +5 ring of intelligence
 A - an uncursed ring of protection from magic
 G - an uncursed ring of wizardry
 P - the cursed amulet "Tasohur" {Inacc Stlth+}
   (You found it on level 1 of the Elven Halls)

   [amulet of inaccuracy]

   It reduces the accuracy of all your attacks.
   It makes you more stealthy.
   It has a curse placed upon it.
 Q - an uncursed ring of protection from fire
Wands
 c - a wand of flame (23)
 m - a wand of iceblast (37)
 q - a wand of digging (3)
 D - a wand of acid (7)
 E - a wand of paralysis (5)
 H - a wand of random effects (14)
Scrolls
 e - 5 scrolls of amnesia
 g - a scroll of torment
 h - 9 scrolls of enchant armour
 j - 2 scrolls of blinking
 l - a scroll of summoning
 n - 4 scrolls of noise
 p - 14 scrolls of remove curse
 u - 8 scrolls of enchant weapon
 z - 3 scrolls of vulnerability
 B - 4 scrolls of immolation
 J - 3 scrolls of teleportation
 O - a scroll of fog
Miscellaneous
 s - a phantom mirror
 M - a sack of spiders


   Skills:
 + Level 16.6(21.3) Fighting
 - Level 8.5(14.2) Armour
 + Level 11.2(16.7) Dodging
 - Level 2.1(6.0) Stealth
 + Level 10.2(15.7) Shields
 - Level 17.0(21.3) Spellcasting
 + Level 13.2(18.6) Conjurations
 + Level 8.9(14.5) Fire Magic
 - Level 7.6(13.3) Earth Magic
 - Level 5.2(10.8) Evocations


You had 23 spell levels left.
You knew the following spells:

 Your Spells              Type           Power        Failure   Level  Hunger
a - Flame Tongue          Conj/Fire      #####        1%          1    N/A
b - Conjure Flame         Conj/Fire      ########     1%          3    N/A
c - Sticky Flame          Conj/Fire      ########     1%          4    N/A
d - Fireball              Conj/Fire      ########..   1%          5    N/A
e - Iskenderun's Mystic   Conj           #######.     1%          3    N/A
f - Iron Shot             Conj/Erth      #######...   3%          6    N/A
g - Orb of Destruction    Conj           #######...   6%          7    N/A

Your spell library contained the following spells:

 Spells                   Type           Power        Failure   Level  Hunger
 Magic Dart               Conj           ####         0%          1    N/A
 Searing Ray              Conj           #######.     0%          2    N/A
 Flaming Arrows           Chrm/Fire      ######..     1%          2    N/A
 Shock                    Conj/Air       ######.      1%          2    N/A
 Throw Frost              Conj/Ice       ######       1%          2    N/A
 Dazzling Orbs            Conj/Hex       #######      1%          3    N/A
 Inner Flame              Hex/Fire       N/A          2%          3    N/A
 Mephitic Cloud           Conj/Pois/Air  ######..     3%          3    N/A
 Fulminant Prism          Conj/Hex       #######...   3%          4    N/A
 Bolt of Draining         Conj/Necr      ######....   10%         5    N/A
 Irradiate                Conj/Tmut      ######....   10%         5    N/A
 Necrotize                Necr           ####..       16%         1    N/A
 Slow                     Hex            #####...     16%         1    N/A
 Summon Small Mammal      Summ           ####         16%         1    N/A
 Blink                    Tloc           N/A          24%         2    N/A
 Call Imp                 Summ           ####..       24%         2    N/A
 Ensorcelled Hibernation  Hex/Ice        #####.       24%         2    N/A
 Call Canine Familiar     Summ           ####....     43%         3    N/A
 Confuse                  Hex            #####...     43%         3    N/A
 Recall                   Summ/Tloc      N/A          43%         3    N/A
 Tukima's Dance           Hex            #####...     43%         3    N/A
 Vampiric Draining        Necr           ####......   43%         3    N/A
 Bolt of Cold             Conj/Ice       ######....   47%         6    N/A
 Poison Arrow             Conj/Pois      ######....   47%         6    N/A
 Agony                    Necr           ####....     83%         4    N/A
 Animate Dead             Necr           N/A          83%         4    N/A
 Cause Fear               Hex            #####.....   83%         4    N/A
 Summon Ice Beast         Ice/Summ       ####....     83%         4    N/A
 Dispel Undead            Necr           ####....     99%         5    N/A
 Summon Forest            Summ/Tloc      ####......   99%         5    N/A
 Summon Lightning Spire   Summ/Air       ####....     99%         5    N/A
 Summon Mana Viper        Hex/Summ       #####...     99%         5    N/A
 Death Channel            Chrm/Necr      ####......   100%        6    N/A
 Simulacrum               Ice/Necr       ####....     100%        6    N/A
 Summon Hydra             Summ           ####......   100%        6    N/A
 Monstrous Menagerie      Summ           ####......   100%        7    N/A
 Regeneration             Chrm/Necr      Unusable     N/A         3    N/A
 Spider Form              Tmut/Pois      Unusable     N/A         3    N/A
 Tree Form                Hex/Tmut       Unusable     N/A         4    N/A
 Statue Form              Tmut/Erth      Unusable     N/A         6    N/A
 Dragon Form              Tmut           Unusable     N/A         7    N/A
 Necromutation            Tmut/Necr      Unusable     N/A         8    N/A

Dungeon Overview and Level Annotations

Branches:
Dungeon (12/12)            Temple (1/1) D:7            Lair (6/6) D:9
  Swamp (3/3) Lair:4        Snake (3/3) Lair:2        Slime (0/5) Lair:6
    Orc (1/1) D:8             Elf (3/3) Orc          Vaults (2/3) D:12
  Crypt (0/2) Vaults:1     Depths (0/5) D:12

Altars:
Ashenzari
Cheibriados
Dithmenos
Gozag
Hepliaklqana
Kikubaaqudgha
Lugonu
Makhleb
Nemelex Xobeh
Okawaru
Qazlal
Ru
Sif Muna
Trog
Uskayaw
Vehumet
Wu Jian
Xom
Yredelemnul
Jiyva

Shops:
D:4 %   Orc [?*%(   Elf:2 (   Snake:2 !   Snake:3 *   Vaults:1 *

Annotations:
Snake:2 Roxanne
Elf:2 3 runed doors, exclusion: 3 doors, Agnes
Vaults:1 3 runed translucent doors, exclusion: obsidian statue, zoran's ghost, adept KoBe


Innate Abilities, Weirdness & Mutations

You do not eat or drink.
Your flesh is vulnerable to fire.
You are immune to poison.
You possess an exceptional clarity of mind.
Your flesh is cold resistant. (rC+)
You are immune to negative energy. (rN+++)
You are immune to unholy pain and torment.
You can survive without breathing.
Your hexes are more powerful.


Message History

You feel a surge of power!
The fireball explodes!
The fireball engulfs the deep elf master archer!!!
The deep elf master archer is heavily wounded.
The deep elf master archer shoots an arrow.
You block the arrow.
The deep elf master archer shoots an arrow.
The arrow hits you!
* * * LOW HITPOINT WARNING * * *
Casting: Fireball (safe; 1% risk of failure)
Confirm with . or Enter, or press ? or * to list all spells.
Aiming: Fireball (safe; 1% risk of failure)
Press: ? - help, Shift-Dir - straight line You feel a surge of power!
The fireball explodes!
The fireball engulfs the deep elf sorcerer!!!
You kill the deep elf sorcerer!
The fireball engulfs the deep elf master archer!!
The deep elf master archer is severely wounded.
The deep elf master archer shoots an arrow.
The arrow hits you!!
You die...

####### ##.....##
##.....))##
##.........##
#..)......?.#
######........)e@#
.....'..........[#
######....[.....<#
#.........(.#
##)......[.##
######'#.....[.#######
...##.###.%..[##.....##
....'##
######).......##
)....## ##>........##


You could see a deep elf master archer.

Vanquished Creatures
  Saint Roka (Vaults:1)
  the Lernaean hydra (Swamp:3)
  Zenata (D:12)
  A deep elf blademaster (Elf:2)
  A deep elf master archer (Elf:3)
  The ghost of yrara the Bludgeoner, an adept DsFi of Gozag (Snake:2)
  3 thorn hunters
  9 nagarajas
  A fire giant (D:12)
  Aizul (Snake:2)
  A vault warden (Vaults:1)
  5 deep elf sorcerers
  A deep elf elementalist (Elf:3)
  2 ironheart preservers (Vaults:1)
  4 deep elf demonologists
  5 deep elf annihilators
  3 dire elephants
  Snorg (D:12)
  3 deep elf high priests
  3 yaktaur captains (Vaults:1)
  Josephine (D:11)
  2 fire dragons
  11 naga warriors
  An ice dragon (Vaults:1)
  Fannar (D:12)
  20 hydras
  2 catoblepae
  2 ghost crabs
  3 ogre magi
  9 anacondas
  A great orb of eyes (Vaults:1)
  12 two-headed ogres
  A death knight (Vaults:1)
  A deep troll shaman (Lair:6)
  20 dancing weapons
  A tengu warrior (D:11)
  10 death yaks (Lair:6)
  3 sea snakes (Snake:2)
  6 alligators
  8 naga sharpshooters
  12 shock serpents
  An ironheart beastmaster (Vaults:1)
  5 spectral anacondas (Snake:3)
  4 centaur warriors
  4 goliath frogs
  2 deep trolls
  23 deep elf knights
  A fire crab (D:11)
  A storm dragon skeleton (Vaults:1)
  4 spriggan druids
  5 salamander mystics (Snake:3)
  An unseen horror (D:9)
  7 skeletal warriors
  3 naga ritualists (Snake:3)
  5 anaconda zombies (Snake:3)
  9 swamp dragons
  An ironheart convoker (Vaults:1)
  4 lindwurms (Snake:3)
  3 cyclopes
  17 deep elf archers
  A glowing orange brain (Vaults:1)
  A wizard (Vaults:1)
  A wolf spider zombie (D:12)
  4 anaconda skeletons (Snake:3)
  61 deep elf magi
  An orc knight (D:12)
  A necromancer (Vaults:1)
  An ugly thing (D:10)
  11 mana vipers
  An oklob plant (Lair:5)
  6 salamanders
  3 manticores
  2 orc sorcerers
  9 slime creatures
  A tengu skeleton (Vaults:1)
  2 elephants (Lair:6)
  2 frost giant skeletons (Vaults:1)
  A stone giant skeleton (Vaults:1)
  11 guardian serpents
  17 naga magi
  4 vault sentinels (Vaults:1)
  24 black mambas
  6 will-o'-wisps
  A fire giant skeleton (Vaults:1)
  16 cane toads
  A gargoyle (D:12)
  A human zombie (Vaults:1)
  2 molten gargoyles (Lair:5)
  A rime drake (Lair:3)
  2 kobold demonologists
  6 anaconda simulacra (Snake:3)
  8 yaktaurs
  An efreet (D:12)
  2 komodo dragons (Lair:6)
  5 human skeletons (Vaults:1)
  9 tyrant leeches
  3 polar bears
  14 trolls
  3 hornets
  6 harpy skeletons
  A dream sheep (shapeshifter) (D:11)
  Prince Ribbit (Lair:1)
  11 blink frogs
  15 bog bodies
  A hippogriff (shapeshifter) (D:9)
  10 dream sheep
  6 hippogriffs
  An ettin skeleton (Vaults:1)
  4 air elementals
  An elf zombie (Vaults:1)
  2 water elementals
  5 wraiths
  6 spriggans
  48 yaks
  5 basilisks
  A basilisk (shapeshifter) (Elf:1)
  A fire elemental (Elf:1)
  A steam dragon (D:10)
  A hungry ghost (D:5)
  17 vampire mosquitoes
  24 nagas
  13 swamp worms
  2 wargs (D:8)
  An acid dragon (Lair:4)
  8 water moccasins
  7 crocodiles
  7 porcupines
  A deep troll skeleton (Vaults:1)
  A floating eye (shapeshifter) (Vaults:1)
  13 orc warriors
  14 swamp drakes
  2 ice beasts (D:5)
  A sky beast (D:6)
  3 black bears
  3 hornet zombies
  A phantom (D:10)
  5 boggarts (Vaults:1)
  22 ogres
  A necrophage (D:6)
  15 wolves
  5 earth elementals
  6 kobold brigands
  6 bullfrogs
  23 centaurs
  6 scorpions
  8 killer bees
  18 wights
  2 electric eels
  5 howler monkeys
  9 orc priests
  5 lava snakes (Lair:5)
  6 crimson imps
  9 hounds
  3 bullfrog skeletons
  A jelly (D:4)
  7 orc wizards
  2 iguanas (D:4)
  12 worker ants
  4 hound zombies
  3 hound skeletons (D:9)
  2 worker ant zombies
  Robin (D:3)
  9 adders
  4 gnolls
  A howler monkey skeleton (D:10)
  2 shadow imps
  2 oozes
  4 adder zombies
  3 adder skeletons
  4 worms
  4 dart slugs
  7 leopard geckos
  50 orcs
  9 bats
  3 giant cockroaches
  17 goblins
  15 hobgoblins
  10 jackals
  16 kobolds
  5 quokkas
  4 ball pythons
  4 frilled lizards
  A quokka skeleton (D:5)
  5 rats
  5 bushes (Lair:5)
  6 plants
1142 creatures vanquished.

Vanquished Creatures (others)
  A quokka (D:8)
  A bush (Swamp:3)
  14 fungi
  21 plants
37 creatures vanquished.

Grand Total: 1179 creatures vanquished

Notes
Turn   | Place    | Note
-------+----------+-------------------------------------------
     0 | D:1      | Mehrunes the Mummy Fire Elementalist began the quest for
                  | the Orb.
     0 | D:1      | Reached XP level 1. HP: 13/13 MP: 4/4
   104 | D:1      | Reached skill level 1 in Conjurations
   134 | D:1      | Reached XP level 2. HP: 20/20 MP: 3/5
   353 | D:1      | Reached skill level 3 in Spellcasting
   873 | D:1      | Reached skill level 1 in Fighting
   950 | D:1      | Reached XP level 3. HP: 26/26 MP: 3/7
  1155 | D:1      | Learned a level 3 spell: Conjure Flame
  1818 | D:2      | Reached XP level 4. HP: 32/32 MP: 5/9
  2296 | D:2      | Learned a level 4 spell: Sticky Flame
  2603 | D:3      | Reached XP level 5. HP: 38/38 MP: 0/10
  2787 | D:3      | Noticed Robin
  3076 | D:3      | Killed Robin
  3132 | D:3      | Reached skill level 4 in Spellcasting
  3480 | D:4      | Found a snail-covered altar of Cheibriados.
  3487 | D:4      | Reached XP level 6. HP: 46/46 MP: 10/12
  3924 | D:4      | Found a white marble altar of Elyvilon.
  4019 | D:4      | Found a sacrificial altar of Ru.
  4349 | D:4      | Reached XP level 7. HP: 28/52 MP: 3/14
  4642 | D:4      | Got an iridescent trident
  4663 | D:4      | Reached skill level 5 in Spellcasting
  4938 | D:4      | Found Hegegein's Food Emporium.
  5038 | D:4      | Got a warped leather armour
  5198 | D:5      | Entered Level 5 of the Dungeon
  5308 | D:5      | Got a scintillating pewter ring
  5309 | D:5      | Identified the ring of Cibughum {Ice rN+} (You found it on
                  | level 5 of the Dungeon)
  5617 | D:5      | Reached XP level 8. HP: 56/60 MP: 3/15
  6649 | D:6      | Reached skill level 5 in Fighting
  6733 | D:6      | Reached skill level 5 in Fire Magic
  6746 | D:6      | Found an ornate altar of the Wu Jian Council.
  7022 | D:4      | Identified the +9 trident of the Hierophant {pierce, rElec
                  | Str+9 Dex-2 Stlth+} (You found it on level 4 of the
                  | Dungeon)
  7566 | D:7      | Reached XP level 9. HP: 51/68 MP: 1/16
  7739 | D:7      | Reached skill level 5 in Dodging
  8041 | D:7      | Found a staircase to the Ecumenical Temple.
  8174 | Temple   | Entered the Ecumenical Temple
  8390 | Temple   | Became a worshipper of Ashenzari the Shackled
  8391 | Temple   | Found the cursed amulet of Vision {SInv *Curse}
  8406 | Temple   | Identified the +3 leather armour of Benevolence {rElec
                  | Dex+4} (You found it on level 4 of the Dungeon)
  8605 | D:7      | Learned a level 5 spell: Fireball
  8715 | D:8      | Reached skill level 5 in Conjurations
  8805 | D:8      | Noticed a troll
  8861 | D:8      | Killed a troll
  8993 | D:8      | Noticed a troll
  9005 | D:8      | Killed a troll
  9348 | D:8      | Reached XP level 10. HP: 68/77 MP: 13/17
  9386 | D:8      | Found a staircase to the Orcish Mines.
  9940 | D:8      | Reached * piety under Ashenzari
 10062 | D:8      | Found a white marble altar of Elyvilon.
 10489 | D:9      | Found a burning altar of Makhleb.
 10491 | D:9      | Found an ancient bone altar of Kikubaaqudgha.
 10494 | D:9      | Found a radiant altar of Vehumet.
 10548 | D:9      | Found a staircase to the Lair.
 10570 | D:9      | Noticed an unseen horror
 10576 | D:9      | Killed an unseen horror
 11001 | D:9      | Reached ** piety under Ashenzari
 11355 | D:10     | Entered Level 10 of the Dungeon
 11577 | D:10     | Reached XP level 11. HP: 75/86 MP: 13/18
 11611 | D:10     | Noticed a white ugly thing
 11619 | D:10     | Killed a white ugly thing
 11773 | D:10     | Noticed a deep elf mage
 11775 | D:10     | Killed a deep elf mage
 11777 | D:10     | Noticed a two-headed ogre
 11830 | D:10     | Killed a two-headed ogre
 12511 | D:10     | Learned a level 3 spell: Iskenderun's Mystic Blast
 12522 | D:11     | Noticed Josephine
 12759 | D:11     | Noticed a deep elf mage
 12766 | D:11     | Reached *** piety under Ashenzari
 12773 | D:11     | Noticed a fire crab
 13028 | Lair:1   | Entered Level 1 of the Lair of Beasts
 13263 | Lair:1   | Noticed Prince Ribbit
 13278 | Lair:1   | Killed Prince Ribbit
 14278 | Lair:2   | Noticed an eight-headed hydra
 14293 | Lair:2   | Killed an eight-headed hydra
 14294 | Lair:2   | Reached skill level 6 in Spellcasting
 14294 | Lair:2   | Reached XP level 12. HP: 86/97 MP: 8/21
 14372 | Lair:2   | Found a staircase to the Snake Pit.
 14556 | Lair:2   | Reached skill level 10 in Fighting
 15089 | Lair:2   | Learned a level 6 spell: Iron Shot
 15343 | Lair:3   | Reached skill level 7 in Spellcasting
 15501 | Lair:3   | Reached **** piety under Ashenzari
 15932 | Lair:4   | Reached skill level 1 in Earth Magic
 16204 | Lair:4   | Found a staircase to the Swamp.
 16839 | Lair:5   | Reached skill level 1 in Shields
 16843 | Lair:5   | Reached skill level 8 in Spellcasting
 16948 | Lair:5   | Noticed an alligator
 17522 | Lair:5   | Reached XP level 13. HP: 56/105 MP: 2/25
 18423 | Lair:6   | Entered Level 6 of the Lair of Beasts
 18423 | Lair:6   | Reached ***** piety under Ashenzari
 18901 | Lair:6   | Reached skill level 9 in Spellcasting
 18966 | Lair:6   | Noticed a dire elephant
 18982 | Lair:6   | Found the +6 Scorpio {venom, beckon}
 19094 | Lair:6   | Killed a dire elephant
 19577 | Lair:6   | Found a staircase to the Slime Pits.
 19577 | Lair:6   | Found a viscous altar of Jiyva.
 19934 | Lair:6   | Reached skill level 10 in Conjurations
 20144 | Lair:6   | Reached skill level 10 in Spellcasting
 20144 | Lair:6   | Reached skill level 5 in Earth Magic
 20487 | Lair:6   | Reached XP level 14. HP: 113/114 MP: 2/28
 21168 | D:11     | Killed Josephine
 21468 | D:11     | Reached skill level 5 in Shields
 21895 | D:11     | Identified the +0 robe of Parts Unknown {MR+ Str+2}
 22421 | D:12     | Entered Level 12 of the Dungeon
 22557 | D:12     | Identified the ring "Qotuurphi" {Ice rN+ Int-3 Dex+2}
 22557 | D:12     | Noticed Fannar
 22565 | D:12     | Killed Fannar
 22574 | D:12     | Noticed a fire giant
 22575 | D:12     | Found a staircase to the Depths.
 22711 | D:12     | Killed a fire giant
 22859 | D:12     | Noticed Snorg
 22870 | D:12     | Killed Snorg
 23542 | D:12     | Reached skill level 11 in Spellcasting
 24275 | D:12     | Found a gate to the Vaults.
 24836 | Orc      | Entered the Orcish Mines
 24836 | Orc      | Found Anumem's Antique Armour Shop.
 24858 | Orc      | Bought a faintly humming helmet for 247 gold pieces
 24858 | Orc      | Identified the +0 helmet "Ynosene" {Stlth+} (You bought it
                  | in a shop in the Orcish Mines)
 24964 | Orc      | Found a staircase to the Elven Halls.
 25277 | Orc      | Found Ysehe's General Store.
 25901 | Orc      | Reached XP level 15. HP: 122/122 MP: 11/30
 26096 | Orc      | Found Nosagy's Antique Weapon Emporium.
 26102 | Orc      | Found Esialeck's Magic Scroll Boutique.
 26129 | Orc      | Found Ecruyfich's Food Shoppe.
 26132 | Orc      | Bought a scroll of acquirement for 572 gold pieces
 26204 | Orc      | Identified the cursed +8 triple crossbow "Peohath" {elec,
                  | rPois} (You acquired it in the Orcish Mines)
 26204 | Orc      | Identified the cursed ring "Wyx Suma" {rElec rC++ Int+2}
                  | (You acquired it in the Orcish Mines)
 26345 | Orc      | Bought a scorched plate armour for 728 gold pieces
 26345 | Orc      | Identified the +7 plate armour of Toskithi {MR++} (You
                  | bought it in a shop in the Orcish Mines)
 26587 | Snake:1  | Entered Level 1 of the Snake Pit
 26642 | Snake:1  | Found a shimmering altar of Xom.
 26696 | Snake:1  | Reached skill level 12 in Spellcasting
 26775 | Snake:1  | Reached skill level 1 in Armour
 27538 | Snake:1  | Noticed a nagaraja
 27541 | Snake:1  | Killed a nagaraja
 27620 | Snake:1  | Reached ****** piety under Ashenzari
 28392 | Snake:2  | Noticed a nagaraja
 28397 | Snake:2  | Killed a nagaraja
 28494 | Snake:2  | Noticed Roxanne
 28921 | Snake:2  | Noticed Aizul
 28947 | Snake:2  | Killed Aizul
 29052 | Snake:2  | Found Vesottor's Distillery.
 29878 | Snake:3  | Entered Level 3 of the Snake Pit
 29887 | Snake:3  | Found the +9 sword of Zonguldrok {reap}
 30022 | Snake:3  | Reached skill level 13 in Spellcasting
 30582 | Snake:3  | Found Unnul's Assorted Antiques.
 30890 | Snake:3  | Reached XP level 16. HP: 132/132 MP: 13/33
 31255 | Snake:3  | Found a runed translucent door.
 31255 | Snake:3  | Found a shimmering altar of Xom.
 31255 | Snake:3  | Noticed yrara's ghost (adept DsFi)
 31375 | Snake:2  | Killed yrara's ghost
 31672 | Snake:3  | Reached skill level 5 in Armour
 31694 | Snake:3  | Reached skill level 1 in Evocations
 32858 | Snake:3  | Reached skill level 14 in Spellcasting
 33653 | Snake:3  | Identified the cursed +12 longbow of Skirmishing {seek,
                  | *Corrode rF+ MR+ Int+2} (You acquired it on level 3 of the
                  | Snake Pit)
 33653 | Snake:3  | Identified the cursed -1 cloak "Potegg" {+Blink rF+ Str+2
                  | Dex+9} (You acquired it on level 3 of the Snake Pit)
 33653 | Snake:3  | Identified the Collected Works on Destructive Summoning
                  | (You acquired it on level 3 of the Snake Pit)
 34754 | Snake:3  | Reached XP level 17. HP: 140/140 MP: 10/35
 35057 | Snake:3  | Got a serpentine rune of Zot
 35459 | Swamp:1  | Entered Level 1 of the Swamp
 37427 | Swamp:2  | Identified the +1 pair of gloves "Ycahusi" {Str+4 Dex+2
                  | Stlth+}
 37979 | Swamp:3  | Entered Level 3 of the Swamp
 38282 | Swamp:3  | Reached skill level 5 in Evocations
 38283 | Swamp:3  | Reached skill level 15 in Spellcasting
 38567 | Swamp:3  | Reached skill level 15 in Fighting
 39241 | Swamp:3  | Noticed the 27-headed Lernaean hydra
 39310 | Swamp:3  | Killed the 27-headed Lernaean hydra
 39387 | Swamp:3  | Got a decaying rune of Zot
 39532 | Swamp:3  | Reached XP level 18. HP: 149/149 MP: 19/37
 40038 | Vaults:1 | Entered Level 1 of the Vaults
 40131 | Vaults:1 | Noticed Zenata
 40187 | D:12     | Killed Zenata
 40389 | Vaults:1 | Found a runed translucent gate.
 40390 | Vaults:1 | Found a runed translucent gate.
 40390 | Vaults:1 | Found an opulent altar of Gozag.
 40391 | Vaults:1 | Found a runed translucent gate.
 40392 | Vaults:1 | Noticed zoran's ghost (adept KoBe)
 40393 | Vaults:1 | Found Ciyptarr's Assorted Antiques.
 40412 | Vaults:1 | Noticed Saint Roka
 40432 | Vaults:1 | Killed Saint Roka
 41904 | Vaults:1 | Paralysed by a floating eye for 3 turns
 42503 | Vaults:1 | Found a staircase to the Crypt.
 43385 | Elf:1    | Entered Level 1 of the Elven Halls
 43396 | Elf:1    | Reached skill level 10 in Dodging
 43396 | Elf:1    | Reached skill level 16 in Spellcasting
 43502 | Elf:1    | Identified the cursed amulet "Tasohur" {Inacc Stlth+}
 44288 | Elf:1    | Identified the Volume of Creative Confrontation
 44298 | Elf:1    | Learned a level 7 spell: Orb of Destruction
 45058 | Elf:1    | Reached XP level 19. HP: 151/157 MP: 13/39
 45555 | Elf:2    | Noticed Agnes
 45580 | Elf:2    | Found Haorchokk's Antique Weapon Shoppe.
 46597 | Elf:2    | Reached skill level 17 in Spellcasting
 46632 | Elf:2    | Found a runed gate.
 46632 | Elf:2    | Found a runed gate.
 46632 | Elf:2    | Found a runed gate.
 46974 | Elf:3    | Entered Level 3 of the Elven Halls
 47136 | Elf:3    | Identified the cursed +3 mace "Comux" {pain, rElec SInv}
 47450 | Elf:3    | Identified the ring "Ryhotrom" {rF+ rC+ Int+4}
 47452 | Elf:3    | Identified the ring "Anodaonu" {+Fly Int+2 SInv Stlth-}
 47703 | Elf:3    | Reached skill level 10 in Shields
 47884 | Elf:3    | Identified the cursed +1 broad axe "Daorghis" {flame, +Inv
                  | rF- rC++ SInv}
 48093 | Elf:2    | Shot with an arrow by a deep elf master archer

Skill      XL: |  1  2  3  4  5  6  7  8  9 10 11 12 13 14 15 16 17 18 19 |
---------------+----------------------------------------------------------+-----
Conjurations   | 1 2 3 4 5 7 8 9 10 11 12 13 | 13.2
Spellcasting   | 3 4 5 6 8 10 11 13 14 15 16 17 | 17.0
Fighting       | 1 2 3 4 5 6 8 9 10 11 12 13 14 15 16 | 16.6
Dodging        | 2 3 4 6 7 8 9 10 11 | 11.2
Fire Magic     | 3 4 5 6 7 8 |  8.9
Earth Magic    | 3 5 6 7 |  7.6
Shields        | 2 4 6 7 9 10 | 10.2
Armour         | 4 6 7 8 |  8.5
Evocations     | 3 5 |  5.2
Stealth        | |  2.1

Action                   |  1- 3 |  4- 6 |  7- 9 | 10-12 | 13-15 | 16-18 | 19-21 || total
-------------------------+-------+-------+-------+-------+-------+-------+-------++-------
Melee: Dagger            |    39 |    20 |       |       |       |       |       ||    59
       Short sword       |       |    16 |    47 |       |       |       |       ||    63
       Trident           |       |       |    36 |   251 |   154 |   205 |    98 ||   744
 Cast: Flame Tongue      |    82 |   156 |   197 |   314 |    32 |    17 |     2 ||   800
       Conjure Flame     |       |     3 |     1 |    11 |     7 |     2 |       ||    24
       Sticky Flame      |       |       |    17 |    88 |    56 |    35 |     7 ||   203
       Fireball          |       |       |       |    19 |   299 |   482 |   118 ||   918
       Iskenderun's Myst |       |       |       |     7 |    11 |       |       ||    18
       Iron Shot         |       |       |       |     3 |    77 |   132 |    31 ||   243
       Orb of Destructio |       |       |       |       |       |       |     1 ||     1
Invok: Curse Item        |       |       |     6 |     2 |       |     2 |       ||    10
       Scrying           |       |       |       |       |     3 |       |     1 ||     4
 Abil: Evoke Blink       |       |       |       |       |       |     3 |       ||     3
Evoke: Wand              |       |     4 |     3 |     2 |       |    33 |     2 ||    44
       Sack of spiders   |       |       |       |       |       |     1 |       ||     1
  Use: Scroll            |     5 |       |     9 |     6 |     8 |    10 |     3 ||    41
 Stab: Sleeping          |       |       |     4 |     1 |       |       |       ||     5
Armor: Leather armour    |    19 |    32 |    55 |    90 |    65 |     4 |       ||   265
       Plate armour      |       |       |       |       |       |   311 |    79 ||   390
Dodge: Dodged            |    45 |   101 |   139 |   439 |   451 |   560 |    90 ||  1825
Block: Buckler           |       |       |       |    13 |   190 |   298 |    64 ||   565
